 Dungeon Crawl Stone Soup version 0.30-a0-390-g80c34de65d (webtiles) character file.

Game seed: 18061348769540867133

42 purpskrrrp the Sneak (level 3, -17/18 HPs)
             Began as a Vine Stalker Brigand on Dec 4, 2022.
             Blown up by Ijyb (20 damage)
             ... with a mindburst bolt
             ... on level 2 of the Dungeon.
             The game lasted 00:02:47 (746 turns).

purpskrrrp the Sneak (Vine Stalker Brigand)          Turns: 746, Time: 00:02:48

Health: -17/18     AC:  2    Str: 13    XL:     3   Next: 56%
Magic:  0/4        EV: 12    Int: 11    God:
Gold:   37         SH:  0    Dex: 17    Spells: 2/2 levels left

rFire   . . .      SeeInvis .    a - +2 dagger
rCold   . . .      Faith    .    (no shield)
rNeg    . . .      Spirit   +    b - +0 robe
rPois   .          Reflect  .    (no helmet)
rElec   .          Harm     +    f - scarf {harm}
rCorr   .          Rampage  .    (no gloves)
Will    .....                    (no boots)
Stlth   +++.......               (no amulet)
HPRegen 0.23/turn                (no ring)
MPRegen 0.09/turn                (no ring)

@: attractive
A: fangs 2, magic shield, antimagic bite, no potion heal 2
a: no special abilities


You were on level 2 of the Dungeon.
You visited 1 branch of the dungeon, and saw 2 of its levels.

You collected 37 gold pieces.

Inventory:

Hand Weapons
 a - a +2 dagger (weapon)
Armour
 b - a +0 robe (worn)
 c - a +0 cloak
 f - a scarf of harm (worn)
Potions
 h - a potion of might {unknown}


   Skills:
 + Level 2.2 Fighting
 + Level 2.1 Short Blades
 + Level 2.2 Throwing
 + Level 1.3 Dodging
 + Level 5.2 Stealth


You had 2 spell levels left.
You didn't know any spells.
Your spell library contained the following spells:

 Spells                   Type           Power      Damage    Failure   Level
 Blink                    Tloc           0%         N/A       47%         2
 Momentum Strike          Conj/Tloc      0%         3d8       47%         2
 Lesser Beckoning         Tloc           0%         N/A       71%         3


Dungeon Overview and Level Annotations

Branches:
Dungeon (1/15)

Altars:

Annotations:
D:1 2 runed translucent doors
D:2 Ijyb


Innate Abilities, Weirdness & Mutations

You have extremely sharp teeth.
When hurt, damage is shared between your health and your magic reserves.
Your bite disrupts and absorbs the magic of your enemies.
Potions cannot restore your health.


Message History

Throw: 5 darts (poison)
Press: ? - help, Shift-Dir - straight line, f/p - Ijyb
Aim: Ijyb, wielding a +0 dagger, wearing a +0 leather armour and carrying a wand of mindburst (10) (lightly wounded, 55% to hit)
You throw a poisoned dart. The poisoned dart barely misses Ijyb.
The poisoned dart hits the goblin.
The goblin is poisoned.
Throw: 4 darts (poison)
Press: ? - help, Shift-Dir - straight line, f/p - Ijyb
Aim: Ijyb, wielding a +0 dagger, wearing a +0 leather armour and carrying a wand of mindburst (10) (lightly wounded, 55% to hit)
You throw a poisoned dart. The poisoned dart closely misses Ijyb.
The poisoned dart hits the goblin.
The goblin looks even sicker.
You hit Ijyb but do no damage.
Ijyb is lightly wounded.
Throw: 3 darts (poison)
Press: ? - help, Shift-Dir - straight line, f/p - Ijyb
Aim: Ijyb, wielding a +0 dagger, wearing a +0 leather armour and carrying a wand of mindburst (10) (lightly wounded, 55% to hit)
You throw a poisoned dart. The poisoned dart hits Ijyb.
Ijyb is poisoned.
Ijyb is lightly wounded.
Ijyb barely misses you.
Throw: 2 darts (poison)
Press: ? - help, Shift-Dir - straight line, f/p - Ijyb
Aim: Ijyb, wielding a +0 dagger, wearing a +0 leather armour and carrying a wand of mindburst (10) (lightly wounded, poisoned, 55% to hit)
You throw a poisoned dart. The poisoned dart hits Ijyb.
Ijyb looks even sicker.
Ijyb is lightly wounded.
Ijyb hits you with a +0 dagger.
Throw: dart (poison)
Press: ? - help, Shift-Dir - straight line, f/p - Ijyb
Aim: Ijyb, wielding a +0 dagger, wearing a +0 leather armour and carrying a wand of mindburst (10) (moderately wounded, very poisoned, 55% to hit)
You throw a poisoned dart. The poisoned dart hits Ijyb!
Ijyb looks as sick as possible!
Ijyb is moderately wounded.
You kill the goblin!
Ijyb hits you with a +0 dagger.
* * * LOW HITPOINT WARNING * * *
It was a potion of attraction.
You feel attractive to monsters.
Ijyb zaps a wand.
Your mind is blasted!
Ouch! That really hurt!
You die...

#8.....8# #.....#.#.....
........# #.....#.######
........###.....#.######
#######(.............†..
#(#########......# #(#
#......... #g#
#.######.# #g#
#.#.......
#@#######.#.####..
#.#.......#.......
#.##.#############
#.##.# #..........
#.##.# #.#########
#.##.# #.# #.##.# #.#
..##.# #.# ####.###.##


You could see Ijyb (extremely poisoned) and a goblin.

Vanquished Creatures
  2 worms (D:2)
  2 dart slugs
  2 bats
  5 endoplasms
  5 goblins
  5 hobgoblins
  A quokka (D:2)
  2 frilled lizards (D:2)
  3 kobolds
  2 rats (D:2)
29 creatures vanquished.

Notes
Turn   | Place    | Note
-------+----------+-------------------------------------------
     0 | D:1      | purpskrrrp the Vine Stalker Brigand began the quest for the
                  | Orb.
     0 | D:1      | Reached XP level 1. HP: 11/11 MP: 2/2
    56 | D:1      | Reached skill level 1 in Dodging
    56 | D:1      | Reached XP level 2. HP: 14/15 MP: 1/3
    93 | D:1      | Reached skill level 5 in Stealth
   127 | D:1      | Found a large runed translucent door.
   127 | D:1      | Found a large runed translucent door.
   272 | D:1      | You fall into a shaft and drop 1 floor!
   502 | D:2      | Reached XP level 3. HP: 18/18 MP: 4/4
   721 | D:2      | Noticed Ijyb
   746 | D:2      | Blown up by Ijyb

Illustrated notes

Levels and vault maps discovered:
D:1:      erik_arrival_cave_to_civilisation [erik_arrival_cave_to_temple],
          layout_basic, kennysheep_another_room
D:2:      kennysheep_the_goblin_king, layout_basic

Skill      XL: |  1  2 |
---------------+-------+-----
Dodging        | 1 |  1.3
Fighting       | 2 |  2.2
Stealth        | 5 |  5.2
Throwing       | 2 |  2.2
Short Blades   | 2 |  2.1

Action                   || total
-------------------------++-------
Melee: Dagger            ||    56
       Bite              ||    11
Throw: Dart              ||    48
  Use: Potion            ||     1
 Stab: Sleeping          ||     4
Armor: Robe              ||     6
Dodge: Dodged            ||    26

Table legend: (Time is in decaauts)
 A = Elapsed time spent in this place.
 B = Non-inter-level travel time spent in this place.
 C = Inter-level travel time spent in this place.
 D = Time resting spent in this place.
 E = Time spent auto-exploring this place.
 F = Levels seen in this place.
 G = Mean time per level.
                   A        B        C        D        E       F      G
               +--------+--------+--------+--------+--------+-----+--------+
         Total |    735 |    735 |      0 |     56 |    454 |   2 |  367.5 |
       Dungeon |    735 |    735 |      0 |     56 |    454 |   2 |  367.5 |
               +--------+--------+--------+--------+--------+-----+--------+

Top non-repeatable levels by time:
     D:2: 467 daAuts
     D:1: 267 daAuts
